 Dungeon Crawl Stone Soup version 0.32-a0-953-g508020473e (webtiles) character file.

Game seed: 11813822120086566732

4560 horus123 the Thaumaturge (level 10, 0/59 HPs)
             Began as a Deep Elf Ice Elementalist on Apr 16, 2024.
             Was a Believer of Vehumet.
             Slain by a gnoll sergeant
             ... wielding a +0 spear
              (2 damage)
             ... on level 7 of the Dungeon.
             The game lasted 00:25:28 (8491 turns).

horus123 the Thaumaturge (DEIE)                     Turns: 8491, Time: 00:25:29

Health: 0/59       AC: 11    Str:  7    XL:     10   Next: 18%
Magic:  1/25       EV: 12    Int: 21    God:    Vehumet [**....]
Gold:   354        SH:  0    Dex: 17    Spells: 7/27 levels left

rFire   . . .        d - +0 long sword
rCold   . . .        (no shield)
rNeg    + . .        a - +0 robe
rPois   .            e - +0 helmet
rElec   .            (no cloak)
rCorr   .            (no gloves)
SInv    .            (no boots)
Will    +....        (no amulet)
Stlth   ++           v - ring of positive energy
HPRegen 0.29/turn    (no ring)
MPRegen 0.19/turn

%: no passive effects
@: ice-armoured, freezing walls
A: no striking features
a: Renounce Religion


You were on level 7 of the Dungeon.
You worshipped Vehumet.
Vehumet was pleased with you.
You visited 2 branches of the dungeon, and saw 8 of its levels.

You collected 354 gold pieces.

Inventory:

Hand Weapons
 d - a +0 long sword (weapon)
Missiles
 l - a throwing net
Armour
 a - a +0 robe (worn)
 e - a +0 helmet (worn)
Magical Staves
 r - a staff of air
Jewellery
 v - a ring of positive energy (left hand)
Wands
 b - a wand of flame (23)
Scrolls
 c - 3 scrolls of teleportation
 h - 2 scrolls of noise
 i - a scroll of poison {unknown}
 k - a scroll of immolation {unknown}
 o - 2 scrolls of revelation
 p - 3 scrolls of enchant armour {unknown}
 u - a scroll of fear {unknown}
 w - a scroll of blinking {unknown}
 x - a scroll of vulnerability {unknown}
Potions
 f - 2 potions of haste {unknown}
 g - 2 potions of brilliance {unknown}
 j - 3 potions of degeneration {unknown}
 m - 2 potions of curing {unknown}
 n - 2 potions of attraction {unknown}
 q - a potion of lignification {unknown}
 s - a potion of invisibility {unknown}
 t - a potion of ambrosia {unknown}


   Skills:
 - Level 5.0 Fighting
 - Level 7.0 Long Blades
 - Level 2.4 Dodging
 - Level 2.4 Stealth
 - Level 9.0 Spellcasting
 - Level 6.0 Translocations
 + Level 4.1 Fire Magic
 - Level 8.0 Ice Magic


You had 7 spell levels left.
You knew the following spells:

 Your Spells              Type           Power      Damage    Failure   Level
a - Freeze                Ice            100%       1d10      1%          1
b - Frozen Ramparts       Ice            86%        1d13      1%          3
c - Ozocubu's Armour      Ice            43%        N/A       1%          3
d - Summon Ice Beast      Ice/Summ       26%        N/A       4%          3
e - Lesser Beckoning      Tloc           68%        N/A       1%          2
f - Teleport Other        Tloc           34%        N/A       1%          3
g - Maxwell's Portable P  Tloc           34%        2d(8-23)  1%          3
h - Scorch                Fire           52%        2d7       1%          2

Your spell library contained the following spells:

 Spells                   Type           Power      Damage    Failure   Level
 Mephitic Cloud           Conj/Alch/Air  9%         N/A       22%         3


Dungeon Overview and Level Annotations

Branches:
Dungeon (7/15)             Temple (1/1) D:4

Altars:
Ashenzari
Cheibriados
Elyvilon
Fedhas
Gozag
Hepliaklqana
Kikubaaqudgha
Nemelex Xobeh
Okawaru
Qazlal
Ru
Sif Muna
Trog
Uskayaw
Vehumet
Wu Jian
Yredelemnul
Zin
The Shining One

Shops:
D:1 *   D:5 *(


Message History

The walls around you are covered in ice.
The wall freezes the gnoll sergeant.
The gnoll sergeant hits you from afar with a +0 spear.
Casting: Frozen Ramparts (safe; 1% risk of failure)
Confirm with . or Enter, or press ? or * to list all spells.
A film of ice covers your body!
The wall freezes the gnoll sergeant but does no damage.
The gnoll sergeant barely misses you.
Unknown command.
The wall freezes the gnoll sergeant.
The gnoll sergeant hits you from afar with a +0 spear!
The wall freezes the gnoll sergeant but does no damage.
The gnoll sergeant hits you from afar with a +0 spear!
The wall freezes the gnoll sergeant but does no damage.
The gnoll sergeant hits you from afar with a +0 spear!
* * * LOW HITPOINT WARNING * * *
Casting: Ozocubu's Armour (safe; 1% risk of failure)
Confirm with . or Enter, or press ? or * to list all spells.
You don't have enough magic to cast this spell.
Unknown command.
Casting: Ozocubu's Armour (safe; 1% risk of failure)
Confirm with . or Enter, or press ? or * to list all spells.
You don't have enough magic to cast this spell.
Unknown command.
Casting: Ozocubu's Armour (safe; 1% risk of failure)
Confirm with . or Enter, or press ? or * to list all spells.
You don't have enough magic to cast this spell.
Casting: Ozocubu's Armour (safe; 1% risk of failure)
Confirm with . or Enter, or press ? or * to list all spells.
Flames lash the gnoll sergeant.
The gnoll sergeant is moderately wounded.
The gnoll sergeant's fire resistance burns away.
The wall freezes the gnoll sergeant but does no damage.
The gnoll sergeant completely misses you.
The wall freezes the gnoll sergeant!
The gnoll sergeant hits you from afar with a +0 spear!
* * * LOW HITPOINT WARNING * * *
The wall freezes the gnoll sergeant but does no damage.
The gnoll sergeant hits you from afar with a +0 spear.
You die...

###.##.##.....###
#.#..######.# #......#
#### .#..#...# #..##
#....#...####...+
..>.............+
#############.### ####
.........#####..###.##
########.g.@..........
#..)####..###.#.
#..).........
######)#).#########
....$...........
~~~~~~)O...~~~~≈
≈≈≈≈≈≈~....≈~≈≈≈
~~~~~~~....~~~~~
................


You could see a gnoll sergeant (combustible).

Vanquished Creatures
  Prince Ribbit (D:6)
  A wyvern (D:6)
  2 steam dragons (D:6)
  Edmund (D:5)
  A water moccasin (D:6)
  Duvessa (D:6)
  2 orc warriors (D:7)
  3 black bears (D:5)
  4 ice beasts
  A centaur (D:6)
  6 ogres
  3 phantoms
  3 bullfrogs
  2 scorpions
  A wight (D:5)
  Dowan (D:6)
  A howler monkey (D:6)
  2 bombardier beetles
  2 jellies
  9 hounds
  8 orc priests
  4 sleepcaps
  4 iguanas
  6 orc wizards
  8 gnolls
  9 adders
  3 ufetubi (D:5)
  2 dart slugs
  A ribbon worm (D:4)
  20 orcs
  7 endoplasms
  4 giant cockroaches
  5 goblins
  12 hobgoblins
  5 jackals
  6 quokkas
  10 ball pythons
  2 bats
  2 frilled lizards
  10 kobolds
  2 rats
177 creatures vanquished.

Vanquished Creatures (collateral kills)
  An ice beast (D:7)
  A bullfrog (D:6)
  A howler monkey (D:7)
  A sleepcap (D:5)
  An iguana (D:6)
  An adder (D:6)
  2 shadow imps (D:5)
  A white imp (D:4)
9 creatures vanquished.

Grand Total: 186 creatures vanquished

Notes
Turn   | Place    | Note
-------+----------+-------------------------------------------
     0 | D:1      | horus123 the Deep Elf Ice Elementalist began the quest for
                  | the Orb.
     0 | D:1      | Reached XP level 1. HP: 10/10 MP: 6/6
   138 | D:1      | Reached XP level 2. HP: 15/15 MP: 5/8
   142 | D:1      | Reached skill level 5 in Ice Magic
   518 | D:1      | Reached XP level 3. HP: 19/19 MP: 6/9
   732 | D:1      | Found Fyal's General Store.
  1414 | D:2      | Reached XP level 4. HP: 24/24 MP: 7/10
  1460 | D:2      | Learned a level 3 spell: Frozen Ramparts
  1464 | D:2      | Learned a level 3 spell: Ozocubu's Armour
  1464 | D:2      | Found a faded altar of an unknown god.
  1883 | D:3      | Noticed a phantom
  1904 | D:3      | Killed a phantom
  1905 | D:3      | Reached XP level 5. HP: 5/28 MP: 2/11
  2281 | D:3      | Learned a level 3 spell: Summon Ice Beast
  2835 | D:4      | Reached XP level 6. HP: 32/32 MP: 8/12
  2967 | D:4      | Found a blossoming altar of Fedhas.
  3007 | D:4      | Reached skill level 4 in Spellcasting
  3341 | D:4      | Reached skill level 5 in Spellcasting
  3518 | D:4      | Reached skill level 1 in Fighting
  3624 | D:4      | Found a staircase to the Ecumenical Temple.
  3858 | Temple   | Entered the Ecumenical Temple
  3921 | Temple   | Became a worshipper of Vehumet
  3981 | D:5      | Entered Level 5 of the Dungeon
  4004 | D:5      | Reached XP level 7. HP: 28/40 MP: 11/16
  4605 | D:5      | Found Gyppuado's Assorted Antiques.
  4658 | D:5      | Reached skill level 5 in Fighting
  4658 | D:5      | Reached skill level 1 in Long Blades
  4658 | D:5      | Reached XP level 8. HP: 19/49 MP: 15/17
  5059 | D:5      | Reached * piety under Vehumet
  5059 | D:5      | Offered knowledge of Sandblast by Vehumet.
  5235 | D:5      | Noticed Edmund
  5250 | D:5      | Killed Edmund
  5251 | D:5      | Reached skill level 5 in Long Blades
  5657 | D:5      | Found Xyplemon's Weapon Emporium.
  5807 | D:6      | Noticed Prince Ribbit
  5812 | D:6      | Killed Prince Ribbit
  5909 | D:6      | Learned a level 2 spell: Lesser Beckoning
  6043 | D:6      | Noticed Duvessa
  6065 | D:6      | Killed Duvessa
  6081 | D:6      | Noticed Dowan
  6158 | D:6      | Killed Dowan
  6159 | D:6      | Reached XP level 9. HP: 16/54 MP: 7/18
  6190 | D:6      | Reached skill level 1 in Translocations
  6750 | D:6      | Reached skill level 5 in Translocations
  6754 | D:6      | Learned a level 3 spell: Teleport Other
  6758 | D:6      | Learned a level 3 spell: Maxwell's Portable Piledriver
  6950 | D:6      | Offered knowledge of Scorch by Vehumet.
  6954 | D:6      | Reached ** piety under Vehumet
  6955 | D:6      | Reached skill level 6 in Spellcasting
  7084 | D:6      | Learned a level 2 spell: Scorch
  7349 | D:7      | Reached skill level 7 in Spellcasting
  7654 | D:7      | Reached skill level 8 in Spellcasting
  8017 | D:7      | Reached skill level 9 in Spellcasting
  8061 | D:7      | Reached XP level 10. HP: 35/59 MP: 19/25
  8069 | D:7      | Reached skill level 1 in Fire Magic
  8430 | D:7      | Offered knowledge of Mephitic Cloud by Vehumet.
  8490 | D:7      | HP: 2/59 [gnoll sergeant/+0 spear (7)]
  8491 | D:7      | Slain by a gnoll sergeant

Illustrated notes

Levels and vault maps discovered:
D:1:      dpeg_arrival_morbid_curiosity, layout_loops_ring, serial_shops,
          nicolae_lakefront_shop
D:2:      layout_basic, chequers_ecumenical_altar_island
D:3:      layout_basic, grunt_decor_junction
D:4:      layout_cave_pools, mainiacjoe_overflow_catwalk,
          minmay_temple_entry_enclosed_plants, corexii_hall_statues_i
D:5:      minmay_diamond_boxcup, layout_gridville, serial_shops, shop,
          nicolae_shop_rolling_square, minmay_increasing_density, uniq_edmund
D:6:      layout_basic, minmay_bent, uniq_prince_ribbit1, uniq_duvessa
D:7:      lemuel_castle_with_subvaults [lemuel_castle_interior_carwin_1],
          layout_basic, gammafunk_temple_overflow_wave, grunt_ministairs_10,
          nicolae_twisty_statue_hallways, uniq_joseph
Temple:   regret_index_temple_mists

Skill      XL: |  1  2  3  4  5  6  7  8  9 10 |
---------------+-------------------------------+-----
Ice Magic      | 5 6 7 8 |  8.0
Spellcasting   | 5 9 |  9.0
Fighting       | 2 5 |  5.0
Long Blades    | 1 6 7 |  7.0
Translocations | 6 |  6.0
Fire Magic     | 4 |  4.1
Dodging        | |  2.4
Stealth        | |  2.4

Action                     |  1- 3 |  4- 6 |  7- 9 | 10-12 || total
---------------------------+-------+-------+-------+-------++-------
  Melee: Unarmed           |     1 |       |       |       ||     1
         Long sword        |     3 |    15 |    72 |    18 ||   108
   Cast: Freeze            |    49 |    83 |    97 |     8 ||   237
         Frozen Ramparts   |       |     7 |    30 |     5 ||    42
         Ozocubu's Armour  |       |     2 |    16 |     3 ||    21
         Summon Ice Beast  |       |     1 |    14 |     2 ||    17
         Scorch            |       |       |     2 |    24 ||    26
         Maxwell's Portabl |       |       |     1 |     1 ||     2
    Use: Scroll            |       |       |     3 |       ||     3
         Potion            |       |       |     1 |       ||     1
   Stab: Distracted        |       |       |     1 |     1 ||     2
 Armour: Robe              |    27 |    56 |   148 |    31 ||   262
  Dodge: Dodged            |    27 |    55 |   119 |    18 ||   219

Table legend: (Time is in decaauts)
 A = Elapsed time spent in this place.
 B = Non-inter-level travel time spent in this place.
 C = Inter-level travel time spent in this place.
 D = Time resting spent in this place.
 E = Time spent auto-exploring this place.
 F = Levels seen in this place.
 G = Mean time per level.
                   A        B        C        D        E       F      G
               +--------+--------+--------+--------+--------+-----+--------+
         Total |   8548 |   8168 |    380 |   1421 |   5335 |   8 | 1068.5 |
       Dungeon |   8418 |   8103 |    315 |   1421 |   5335 |   7 | 1202.6 |
        Temple |    129 |     65 |     64 |      0 |      0 |   1 |  129.0 |
               +--------+--------+--------+--------+--------+-----+--------+

Top non-repeatable levels by time:
     D:5: 1837 daAuts
     D:6: 1535 daAuts
     D:7: 1152 daAuts
     D:1: 1088 daAuts
     D:4: 1055 daAuts
     D:2: 1007 daAuts
     D:3: 741 daAuts
  Temple: 129 daAuts
